 Dungeon Crawl Stone Soup version 0.28-a0-779-g3d1f99b579 (webtiles) character file.

Game seed: 5620791737392910159

43 ytrimaz the Conjurer (level 3, -5/21 HPs)
             Began as an Octopode Conjurer on Nov 2, 2021.
             Was a Follower of Nemelex Xobeh.
             Killed by divine providence
             ... invoked by an orc priest
              (12 damage)
             ... on level 3 of the Dungeon.
             The game lasted 00:02:29 (2331 turns).

ytrimaz the Conjurer (Octopode Conjurer)            Turns: 2331, Time: 00:02:30

Health: -5/21      AC:  1    Str:  6    XL:     3   Next: 58%
Magic:  0/6        EV: 13    Int: 21    God:    Nemelex Xobeh [*.....]
Gold:   22         SH:  0    Dex: 10    Spells: 3/7 levels left

rFire   . . .      SeeInvis .   (no weapon)
rCold   . . .      Faith    .   (no shield)
rNeg    . . .      Spirit   .   (helmet restricted)
rPois   .          Reflect  .   (no amulet)
rElec   .          Harm     .   (no ring)
rCorr   .          Rampage  .   (no ring)
Will    .....                   (no ring)
Stlth   +++.......              (no ring)
HPRegen 0.07/turn               (no ring)
MPRegen 0.10/turn               (no ring)
                                (no ring)
                                (no ring)

@: very slightly contaminated
A: almost no armour, amphibious, 8 rings, camouflage 1, gelatinous body 1,
(nimble swimmer 1), tentacles
a: Renounce Religion, Draw Escape, Draw Destruction, Draw Summoning


You were on level 3 of the Dungeon.
You worshipped Nemelex Xobeh.
Nemelex Xobeh was aware of your devotion.
You visited 1 branch of the dungeon, and saw 3 of its levels.

You collected 22 gold pieces.

Inventory:

Scrolls
 d - a scroll of summoning {unknown}
 g - 2 scrolls of identify {unknown}
 h - 2 scrolls of teleportation {unknown}
Potions
 a - a potion of cancellation {unknown}
 b - 2 potions of heal wounds {unknown}
 c - a potion of berserk rage {unknown}
 e - a potion of degeneration {unknown}
 f - 3 potions of curing {unknown}


   Skills:
 * Level 2.3 Dodging
 - Level 2.6 Stealth
 - Level 0.3 Unarmed Combat
 * Level 2.5 Spellcasting
 + Level 4.6 Conjurations
 * Level 0.2 Invocations


You had 3 spell levels left.
You knew the following spells:

 Your Spells              Type           Power      Damage    Failure   Level
a - Magic Dart            Conj           88%        1d7       1%          1
b - Dazzling Flash        Conj/Hex       24%        N/A       16%         3

Your spell library contained the following spells:

 Spells                   Type           Power      Damage    Failure   Level
 Searing Ray              Conj           44%        2d6       3%          2
 Conjure Flame            Conj/Fire      12%        6-21      16%         3
 Ignite Poison            Fire/Tmut/Pois 2%         N/A       38%         3
 Fulminant Prism          Conj/Hex       6%         3d7       47%         4
 Iskenderun's Mystic Bla  Conj/Tloc      12%        2d5       47%         4
 Sticky Flame             Conj/Fire      12%        2d4       47%         4


Dungeon Overview and Level Annotations

Branches:
Dungeon (3/15)

Altars:
Nemelex Xobeh
Yredelemnul

Shops:
D:1 =


Innate Abilities, Weirdness & Mutations

You cannot wear most types of armour.
You are amphibious.
You can wear up to eight rings at the same time.
Your skin changes colour to match your surroundings (Stealth+).
Your rubbery body absorbs attacks. (AC +1, EV +1)
((You are camouflaged near water. (Stealth+)))
You have tentacles for arms and can constrict up to eight enemies at once.


Message History

Confirm with . or Enter, or press ? or * to list all spells.
You can't see any susceptible monsters within range! (Use Z to cast anyway.)
An orc priest is nearby!
Casting: Magic Dart (safe; 1% risk of failure)
Confirm with . or Enter, or press ? or * to list all spells.
You can't see any susceptible monsters within range! (Use Z to cast anyway.) Unknown command.
Items here: $ ) [ †.
Casting: Magic Dart (safe; 1% risk of failure)
Confirm with . or Enter, or press ? or * to list all spells.
The spell is extremely dangerous to cast (16% risk of failure)!
Continue anyway?
Casting: Dazzling Flash (extremely dangerous; 16% risk of failure)
Press: ? - help, Dir - look around, f - activate You miscast Dazzling Flash.
You are very lightly contaminated with residual magic.
Nothing appears to happen.
The orc priest shouts!
The orc priest calls down the wrath of Beogh upon you.
You barely resist.
Unknown command.
The magic dart hits the orc priest.
The orc priest is lightly wounded.
The orc priest hits you with a +0 whip.
The magic dart hits the orc priest.
The orc priest is moderately wounded.
The orc priest hits you with a +0 whip.
Unknown command.
You tentacle-slap the orc priest but do no damage.
You grab the orc priest.
The orc priest is moderately wounded.
You constrict the orc priest, but do no damage.
The orc priest hits you with a +0 whip!
You tentacle-slap the orc priest but do no damage.
The orc priest is moderately wounded.
You constrict the orc priest.
The orc priest invokes the aid of Beogh against you.
Beogh smites you!
Ouch! That really hurt!
You die...
Your body glows slightly and disappears.

..# #.####..# #.# #.......#
#.# #####...# #.# #...# ###.#
#...# #########...# #...#
....##..)#.#########...####.
....##..###.##...o..........
......)## ##)..)@..)........
....#...###.##...............
....#.†..#..##.#####...######
#####.##....##.# #...#
#.##..#.##.# #...#
#.##.##.##.# #...#
#.##.......# #...#
........#### .... ## ###


You could see an orc priest.

Vanquished Creatures
  A dart slug (D:1)
  4 orcs (D:3)
  2 endoplasms
  A giant cockroach (D:1)
  6 goblins
  3 hobgoblins
  4 jackals (D:2)
  A quokka (D:1)
  3 ball pythons
  8 bats
  2 frilled lizards
  A rat (D:1)
36 creatures vanquished.

Notes
Turn   | Place    | Note
-------+----------+-------------------------------------------
     0 | D:1      | ytrimaz the Octopode Conjurer began the quest for the Orb.
     0 | D:1      | Reached XP level 1. HP: 11/11 MP: 3/3
   371 | D:1      | Reached XP level 2. HP: 17/17 MP: 0/5
   459 | D:1      | Found Eqiank's Jewellery Boutique.
  1207 | D:2      | Found a faded altar of an unknown god.
  1420 | D:2      | Prayed at the altar of an unknown god.
  1420 | D:2      | Became a worshipper of Nemelex Xobeh the Trickster
  1420 | D:2      | Reached * piety under Nemelex Xobeh
  1420 | D:2      | Received a gift from Nemelex Xobeh
  1438 | D:2      | Found a basalt altar of Yredelemnul.
  1767 | D:2      | Reached XP level 3. HP: 21/21 MP: 4/6
  2135 | D:3      | Received a gift from Nemelex Xobeh
  2317 | D:3      | Learned a level 3 spell: Dazzling Flash
  2331 | D:3      | Killed from afar by an orc priest

Illustrated notes

Levels and vault maps discovered:
D:1:      dpeg_arrival_shelter, layout_loops_corners, serial_shops, shop
D:2:      layout_basic, basic_altar, shapermc_ecumenical_altar_mp_ritualfount
D:3:      layout_loops_cross, serial_glass, glass_columns_a, glass_columns_a,
          item_on_display_a, feat_on_display, uniq_terence

Action                   || total
-------------------------++-------
Melee: Unarmed           ||     9
       Constrict         ||     3
       Tentacles         ||     2
 Cast: Magic Dart        ||    71
Invok: Draw Destruction  ||     2
Armor: Skin              ||     2
Dodge: Dodged            ||     9

Table legend: (Time is in decaauts)
 A = Elapsed time spent in this place.
 B = Non-inter-level travel time spent in this place.
 C = Inter-level travel time spent in this place.
 D = Time resting spent in this place.
 E = Time spent auto-exploring this place.
 F = Levels seen in this place.
 G = Mean time per level.
                   A        B        C        D        E       F      G
               +--------+--------+--------+--------+--------+-----+--------+
         Total |   2330 |   2219 |    111 |     40 |   1968 |   3 |  776.7 |
       Dungeon |   2330 |   2219 |    111 |     40 |   1968 |   3 |  776.7 |
               +--------+--------+--------+--------+--------+-----+--------+

Top non-repeatable levels by time:
     D:1: 1199 daAuts
     D:2: 935 daAuts
     D:3: 195 daAuts
